 Dungeon Crawl Stone Soup version 0.29.1-12-g30fa7ad0bf (webtiles) character file.

Game seed: 3063130154407491337

504 javelincjr the Chopper (level 6, 0/56 HPs)
             Began as a Minotaur Berserker on Jan 11, 2023.
             Was a Priest of Trog.
             Slain by a gnoll bouda
             ... wielding a +0 club
              (2 damage)
             ... on level 5 of the Dungeon.
             The game lasted 00:09:39 (3323 turns).

javelincjr the Chopper (Minotaur Berserker)         Turns: 3323, Time: 00:09:39

Health: 0/56       AC:  8    Str: 22    XL:     6   Next: 96%
Magic:  5/5        EV: 11    Int:  4    God:    Trog [***...]
Gold:   195        SH:  0    Dex: 11    Spells: 5/5 levels left

rFire   . . .      SeeInvis .   t - +0 war axe
rCold   . . .      Faith    .   (no shield)
rNeg    . . .      Spirit   .   q - +0 scale mail
rPois   .          Reflect  .   (helmet restricted)
rElec   .          Harm     .   e - +0 cloak
rCorr   .          Rampage  .   (no gloves)
Will    .....                   (no boots)
Stlth   ..........              i - amulet of regeneration
HPRegen 0.98/turn               (no ring)
MPRegen 0.09/turn               (no ring)

@: on berserk cooldown, slowed, very slow
A: horns 2, retaliatory headbutt
a: Renounce Religion, Berserk, Trog's Hand


You were on level 5 of the Dungeon.
You worshipped Trog.
Trog was most pleased with you.
You visited 1 branch of the dungeon, and saw 5 of its levels.

You collected 195 gold pieces.

Inventory:

Hand Weapons
 a - a +0 hand axe
 t - a +0 war axe (weapon)
 v - a +1 spear of freezing
Armour
 b - a +0 animal skin
 e - a +0 cloak (worn)
 q - a +0 scale mail (worn)
 u - a +2 robe of positive energy
Jewellery
 i - an amulet of regeneration (around neck)
Wands
 w - a wand of digging (5)
Scrolls
 d - 2 scrolls of blinking {unknown}
 g - a scroll of noise {unknown}
 h - 4 scrolls of teleportation {unknown}
 m - a scroll of fear {unknown}
 n - 7 scrolls of identify {unknown}
 o - a scroll of torment {unknown}
 p - a scroll of amnesia {unknown}
Potions
 c - a potion of degeneration {unknown}
 f - a potion of ambrosia {unknown}
 j - 3 potions of curing {unknown}
 k - a potion of haste {unknown}
 l - 2 potions of heal wounds {unknown}
 r - 2 potions of berserk rage {unknown}
 s - a potion of magic {unknown}


   Skills:
 + Level 5.1 Fighting
 + Level 7.0 Axes
 + Level 4.6 Armour
 + Level 3.7 Dodging
 + Level 0.2 Stealth


You had 5 spell levels left.
You didn't know any spells.
Your spell library was empty.

Dungeon Overview and Level Annotations

Branches:
Dungeon (5/15)
 Temple: D:4-7

Altars:

Shops:
D:4 =


Innate Abilities, Weirdness & Mutations

You have a pair of horns on your head.
You reflexively headbutt those who attack you in melee.


Message History

A gnoll bouda comes into view. It is wielding a +0 club.
A gnoll comes into view. It is wielding a +0 flail.
You closely miss the quokka.
The gnoll shouts!
The quokka bites you. The quokka closely misses you. You furiously retaliate!
You headbutt the quokka!
You kill the quokka!
Trog accepts your kill.
A gnoll comes into view. It is wielding a +0 spear.
A gnoll comes into view. It is wielding a +0 halberd.
The gnoll shouts! x2; You hear a shout!
You slash the gnoll! You headbutt the gnoll.
The gnoll is almost dead.
The gnoll bouda calls upon its god to heal the gnoll.
The gnoll is healed somewhat.
The gnoll bouda barks out a call to the hunt!
The gnolls pick up the pace!
The gnoll barely misses you.
A gnoll comes into view. It is wielding a +0 flail.
You hit the gnoll.
You kill the gnoll!
Trog accepts your kill. The gnoll hits you with a +0 flail.
The gnoll hits you from afar with a +0 spear.
The gnoll hits you from afar with a +0 halberd.
You barely miss the gnoll bouda. You hit the gnoll.
The gnoll hits you with a +0 flail.
The gnoll bouda hits you with a +0 club.
The gnoll hits you from afar with a +0 halberd!
The gnoll hits you from afar with a +0 spear.
The gnoll hits you with a +0 flail! The gnoll hits you with a +0 halberd.
The gnoll closely misses you. You furiously retaliate!
You headbutt the gnoll, but do no damage.
The gnoll hits you with a +0 flail!
* * * LOW HITPOINT WARNING * * *
The gnoll hits you with a +0 flail.
* * * LOW HITPOINT WARNING * * *
The gnoll bouda hits you with a +0 club.
You die...

.......<..............
......................
......................
......................
......:...............
......................
......................
............g..>......
.......g@g........
......gg.........
.................
.................
.................
.................
................
...............


You could see a gnoll bouda and 4 gnolls.

Vanquished Creatures
  An ice beast (D:5)
  A black bear (D:4)
  An ogre (D:4)
  Blork the orc (D:4)
  A jelly (D:4)
  Robin (D:4)
  A gnoll (D:5)
  3 adders
  A worm (D:4)
  2 dart slugs
  3 orcs (D:3)
  7 endoplasms
  3 giant cockroaches (D:1)
  17 goblins
  11 hobgoblins
  6 jackals
  3 quokkas
  5 ball pythons
  3 bats
  4 frilled lizards
  7 kobolds
  4 rats
86 creatures vanquished.

Notes
Turn   | Place    | Note
-------+----------+-------------------------------------------
     0 | D:1      | javelincjr the Minotaur Berserker began the quest for the
                  | Orb.
     0 | D:1      | Reached XP level 1. HP: 19/19 MP: 0/0
   137 | D:1      | Reached skill level 4 in Axes
   137 | D:1      | Reached XP level 2. HP: 24/27 MP: 1/1
   417 | D:1      | Found a faded altar of an unknown god.
   511 | D:1      | Reached ** piety under Trog
   515 | D:1      | Reached XP level 3. HP: 33/33 MP: 2/2
  1785 | D:3      | Reached XP level 4. HP: 41/41 MP: 3/3
  1854 | D:3      | Reached skill level 5 in Axes
  1902 | D:3      | Reached *** piety under Trog
  2363 | D:4      | Noticed Blork the orc
  2370 | D:4      | Killed Blork the orc
  2371 | D:4      | Reached XP level 5. HP: 47/47 MP: 4/4
  2573 | D:4      | Noticed Robin
  2582 | D:4      | Killed Robin
  2895 | D:4      | Noticed a black bear
  2904 | D:4      | Killed a black bear
  2905 | D:4      | Reached skill level 6 in Axes
  2905 | D:4      | Reached XP level 6. HP: 55/55 MP: 5/5
  2949 | D:4      | Found Mugat's One-of-a-Kind Rings.
  3094 | D:4      | You fall into a shaft and drop 1 floor!
  3094 | D:5      | Entered Level 5 of the Dungeon
  3307 | D:5      | Noticed an ice beast
  3312 | D:5      | Killed an ice beast
  3313 | D:5      | Reached skill level 5 in Fighting
  3313 | D:5      | Reached skill level 7 in Axes
  3323 | D:5      | HP: 2/56 [gnoll/+0 flail[a gnoll bouda] (6)]
  3323 | D:5      | Slain by a gnoll bouda

Illustrated notes

Levels and vault maps discovered:
D:1:      dpeg_arrival_erosion, layout_basic,
          hellmonk_ecumenical_altar_arch_garden
D:2:      layout_loops_ring
D:3:      layout_loops_ring, minmay_misc_feat_doors, hex_large,
          minmay_misc_feat_cross, chequers_garden, guppyfry_early_orc_mine
D:4:      layout_loops_corners, minivault_25, minmay_misc_feat_iff,
          nicolae_shop_unique_rings, kennysheep_windowed_goal, uniq_robin,
          uniq_blork_the_orc
D:5:      layout_basic, uniq_duvessa

Skill      XL: |  1  2  3  4  5  6 |
---------------+-------------------+-----
Fighting       | 4 5 |  5.1
Axes           | 4 5 6 7 |  7.0
Armour         | 3 4 |  4.6
Dodging        | 3 |  3.7
Stealth        | |  0.2

Action                   |  1- 3 |  4- 6 || total
-------------------------+-------+-------++-------
Melee: Hand axe          |    82 |    26 ||   108
       Headbutt          |    12 |     8 ||    20
       War axe           |       |    46 ||    46
       Punch             |       |     1 ||     1
Invok: Berserk           |       |     3 ||     3
Armor: Ring mail         |    20 |       ||    20
       Scale mail        |     8 |    33 ||    41
Dodge: Dodged            |    52 |    42 ||    94
